 Dungeon Crawl Stone Soup version 0.26-a0-491-g70697cc071 (webtiles) character file.

Game seed: 989487120308528588

197 HeadfulHorsecorpse the Digger (level 5, 36/38 HPs)
             Began as a Ghoul Earth Elementalist on Aug 5, 2020.
             Quit the game on level 3 of the Dungeon on Oct 12, 2020.
             The game lasted 00:17:55 (2894 turns).

HeadfulHorsecorpse the Digger (GhEE)                Turns: 2894, Time: 00:17:55

Health: 36/38      AC:  4    Str: 12    XL:     5   Next: 75%
Magic:  2/6        EV: 12    Int: 10    God:
Gold:   111        SH:  0    Dex: 10    Spells: 6/7 levels left

rFire    . . .     SeeInvis .     - Unarmed
rCold    + . .     Faith    .   (no shield)
rNeg     + + +     Spirit   .   n - +2 robe {MR+}
rPois    ∞         Reflect  .   (no helmet)
rElec    .         Harm     .   (no cloak)
rCorr    .                      (no gloves)
MR       +....                  (no boots)
Stlth    ++........             (no amulet)
HPRegen  0.12/turn              (no ring)
MPRegen  0.10/turn              (no ring)

@: no status effects
A: rotting body, claws 1, cold resistance 1, negative energy resistance 3,
inhibited regeneration, torment resistance, unbreathing
a: no special abilities


You were on level 3 of the Dungeon.
You visited 1 branch of the dungeon, and saw 3 of its levels.

You collected 111 gold pieces.

Inventory:

Missiles
 b - 76 stones (quivered)
Armour
 a - a +2 robe of cold resistance
 n - a +2 robe of magic resistance (worn)
Scrolls
 c - a scroll of blinking {unknown}
 e - a scroll of magic mapping {unknown}
 f - 2 scrolls of amnesia {unknown}
 g - a scroll of enchant armour {unknown}
 h - 2 scrolls of remove curse {unknown}
 o - a scroll of fog {unknown}
 p - a scroll of teleportation {unknown}
Potions
 d - a potion of mutation {unknown}
 i - a potion of magic {unknown}
 j - 2 potions of brilliance {unknown}
 k - a potion of heal wounds {unknown}
 l - a potion of curing {unknown}
 m - a potion of haste {unknown}


   Skills:
 + Level 3.0 Dodging
 - Level 2.1 Stealth
 * Level 4.0 Unarmed Combat
 - Level 1.7 Spellcasting
   Level 0.8 Transmutations
 + Level 4.4 Earth Magic


You had 6 spell levels left.
You knew the following spells:

 Your Spells              Type           Power        Failure   Level
a - Sandblast             Erth           #.....       5%          1

Your spell library contained the following spells:

 Spells                   Type           Power        Failure   Level
 Passwall                 Tmut/Erth      #.......     16%         2
 Stone Arrow              Conj/Erth      #.....       36%         3
 Petrify                  Tmut/Erth      #.......     71%         4
 Lee's Rapid Deconstruct  Erth           #.........   82%         5


Dungeon Overview and Level Annotations

Branches:
Dungeon (3/15)

Altars:


Innate Abilities, Weirdness & Mutations

Your body is rotting away.
You thrive by killing the living.
You are immune to poison.
You have sharp fingernails.
Your flesh is cold resistant. (rC+)
You are immune to negative energy. (rN+++)
You do not regenerate when monsters are visible.
You are immune to unholy pain and torment.
You can survive without breathing.


Message History

A goblin comes into view.
Things that are here:
a +0 club; a gnoll corpse You scratch the goblin.
You kill the goblin!
You feel better.
p - a scroll labeled LOCSOUSOER You see here a gnoll corpse.
You see here a cursed +0 short sword.
You see here a gnoll corpse.
Things that are here:
a +0 club; a gnoll corpse
b - 76 stones (gained 4)
Things that are here:
a +0 club; a gnoll corpse Save game and exit?
Welcome back, HeadfulHorsecorpse the Ghoul Earth Elementalist.
Press ? for a list of commands and other information.
Unknown command.
Are you sure you want to abandon this character and quit the game? (Confirm with "yes".)

...#.# #.#.##
######....#####
#.............#
###....###.#
#.#.## #.#
#.#.# #.# #.
#.#.# #.#
....####@#.#
#.####
.......†.#.#
#....#
....###).#.#
####.#
.........#.#
#.######
######...#.#
#....... #...#
#######. .....
#. ##...## #.
#...# #.


There were no monsters in sight!

Vanquished Creatures
  2 orc wizards
  4 adders (D:2)
  2 gnolls (D:3)
  An ooze (D:2)
  2 worms
  A dart slug (D:1)
  4 leopard geckos
  3 orcs (D:2)
  10 bats
  2 giant cockroaches
  9 goblins
  6 hobgoblins
  2 quokkas (D:2)
  2 ball pythons
  2 frilled lizards (D:2)
  9 kobolds
  8 rats
69 creatures vanquished.

Notes
Turn   | Place    | Note
-------+----------+-------------------------------------------
     0 | D:1      | HeadfulHorsecorpse the Ghoul Earth Elementalist began the
                  | quest for the Orb.
     0 | D:1      | Reached XP level 1. HP: 14/14 MP: 2/2
   169 | D:1      | Reached skill level 1 in Unarmed Combat
   196 | D:1      | Reached XP level 2. HP: 20/20 MP: 1/3
   859 | D:1      | Reached XP level 3. HP: 23/26 MP: 2/4
  1728 | D:2      | Reached XP level 4. HP: 24/33 MP: 5/5
  2633 | D:2      | Reached XP level 5. HP: 38/38 MP: 6/6
  2894 | D:3      | Quit the game

Illustrated notes

Levels and vault maps discovered:
D:1:      minmay_arrival_four_circles, layout_basic, minivault_4,
          minmay_misc_feat_nine_boxes, kennysheep_crisscross,
          minmay_misc_feat_chi, minmay_tiny_reverse_x
D:2:      minmay_skewed_foursquare, layout_loops_ring
D:3:      layout_loops_ring, uniq_sigmund

Skill      XL: |  1  2  3  4  5 |
---------------+----------------+-----
Unarmed Combat | 1 2 3 4 |  4.0
Dodging        | 2 3 |  3.0
Earth Magic    | 4 |  4.4
Stealth        | |  2.1
Spellcasting   | |  1.7
Transmutations | |  0.8

Action                   |  1- 3 |  4- 6 || total
-------------------------+-------+-------++-------
Melee: Unarmed           |   129 |    79 ||   208
 Cast: Sandblast         |    18 |    19 ||    37
 Stab: Sleeping          |     2 |     1 ||     3
Armor: Robe              |    24 |    22 ||    46
Dodge: Dodged            |    72 |    52 ||   124

Table legend: (Time is in decaauts)
 A = Elapsed time spent in this place.
 B = Non-inter-level travel time spent in this place.
 C = Inter-level travel time spent in this place.
 D = Time resting spent in this place.
 E = Time spent auto-exploring this place.
 F = Levels seen in this place.
 G = Mean time per level.
                   A        B        C        D        E       F      G
               +--------+--------+--------+--------+--------+-----+--------+
         Total |   2890 |   2856 |     34 |    421 |   1787 |   3 |  963.3 |
       Dungeon |   2890 |   2856 |     34 |    421 |   1787 |   3 |  963.3 |
               +--------+--------+--------+--------+--------+-----+--------+

Top non-repeatable levels by time:
     D:1: 1459 daAuts
     D:2: 1325 daAuts
     D:3: 105 daAuts
